 Dungeon Crawl Stone Soup version 0.23.1 (webtiles) character file.

Game seed: 18419644366129503253

13 wolfsongas the Stinger (level 2, 0/15 HPs)
             Began as a Gargoyle Venom Mage on Mar 2, 2019.
             Slain by a goblin
             ... wielding a +0 club
              (1 damage)
             ... on level 1 of the Dungeon.
             The game lasted 00:01:19 (495 turns).

wolfsongas the Stinger (Gargoyle Venom Mage)         Turns: 495, Time: 00:01:19

Health: 0/15       AC:  4    Str: 11    XL:     2   Next: 37%
Magic:  0/5        EV: 12    Int: 10    God:
Gold:   74         SH:  0    Dex: 10    Spells: 4/5 levels left

rFire    . . .     SeeInvis .   d - +0 mace
rCold    . . .     Gourm    .   (no shield)
rNeg     + . .     Faith    .   a - +0 robe
rPois    ∞         Spirit   .   (no helmet)
rElec    +         Reflect  .   (no cloak)
rCorr    .         Harm     .   (no gloves)
MR       .....                  (no boots)
Stlth    ++........             (no amulet)
HPRegen  0.05/turn              b - -5 ring of intelligence (curse)
MPRegen  0.09/turn              (no ring)

@: very slightly contaminated
A: negative energy resistance 1, electricity resistance, unbreathing,
petrification resistance, rot immunity, AC +2
a: no special abilities


You were on level 1 of the Dungeon.
You were not hungry.

You visited 1 branch of the dungeon, and saw 2 of its levels.

You collected 74 gold pieces.

Inventory:

Hand Weapons
 d - a +0 mace (weapon)
Armour
 a - a +0 robe (worn)
Jewellery
 b - a cursed -5 ring of intelligence (left hand)
Scrolls
 e - a scroll of teleportation {unknown}
Potions
 f - a potion of degeneration {unknown}
Comestibles
 c - 2 rations


   Skills:
 - Level 1.5 Dodging
 - Level 2.1 Stealth
 - Level 2.0 Spellcasting
 - Level 1.1 Conjurations
 * Level 3.7 Poison Magic


You had 4 spell levels left.
You knew the following spells:

 Your Spells              Type           Power        Failure   Level  Hunger
a - Sting                 Conj/Pois      #...         12%         1    ##.....

Your spell library contained the following spells:

 Spells                   Type           Power        Failure   Level  Hunger
 Poisonous Vapours        Pois/Air       #.....       22%         2    ###....
 Mephitic Cloud           Conj/Pois/Air  #.......     43%         3    ####...
 Olgreb's Toxic Radiance  Pois           #.......     54%         4    #####..
 Venom Bolt               Conj/Pois      #.........   97%         5    ######.


Dungeon Overview and Level Annotations

Branches:
Dungeon (2/15)

Altars:


Innate Abilities, Weirdness & Mutations

You are resistant to torment.
Your stone body is resilient. (AC +2)
You are immune to poison.
You resist negative energy. (rN+)
You are resistant to electric shocks. (rElec)
You can survive without breathing.
You are immune to petrification.
You are immune to rotting.


Message History

You closely miss the goblin.
The goblin is moderately wounded.
The goblin hits you with a +0 club.
* * * LOW HITPOINT WARNING * * *
You hit the goblin but do no damage.
The goblin is moderately wounded.
The goblin hits you but does no damage.
You miss the goblin.
The goblin is moderately wounded.
The goblin barely misses you. x2
Items here: )) †† a +0 club; a +0 dagger; a hobgoblin corpse; a goblin corpse
Casting: Sting (safe; 12% risk of failure)
Confirm with . or Enter, or press ? or * to list all spells.
Aiming: Sting (safe; 12% risk of failure)
Press: ? - help, Shift-Dir - straight line, f/p - goblin
Aim: a goblin, wielding a +0 club (moderately wounded)
The sting misses the goblin.
The goblin hits you with a +0 club.
You die...

#...............[. .
##########........ ..
#.####### #.# #.# #.# #.#
..# #.# ..# #.# ..#
###########.######
..#######....).g@........#
..##......############.#.#
..##.###### #.#.# .>##.#
#.#.. ..##.# #.#... .###.#
..#..#. ## #.# ###..#.#
#.# #..# # #†# #..#


You could see a goblin.

Vanquished Creatures
  A dart slug (D:1)
  A giant cockroach (D:1)
  A goblin (D:1)
  2 hobgoblins (D:1)
  A kobold (D:1)
  A frilled lizard (D:1)
  4 rats
11 creatures vanquished.

Notes
Turn   | Place    | Note
-------+----------+-------------------------------------------
     0 | D:1      | wolfsongas the Gargoyle Venom Mage began the quest for the
                  | Orb.
     0 | D:1      | Reached XP level 1. HP: 10/10 MP: 3/3
    62 | D:1      | You fall through a shaft!
   385 | D:1      | Reached XP level 2. HP: 15/15 MP: 0/5
   495 | D:1      | Slain by a goblin

Action                   || total
-------------------------++-------
Melee: Mace              ||    17
 Cast: Sting             ||    20
  Use: Scroll            ||     1
Armor: Robe              ||     6
Dodge: Dodged            ||    15
